 Dungeon Crawl Stone Soup version 0.28-a0-906-g0406aca7d3 (webtiles) character file.

Game seed: 6244693182582006062

506 ders the Digger (level 7, -3/36 HPs)
             Began as a Gargoyle Earth Elementalist on Nov 23, 2021.
             Slain by an iguana (9 damage)
             ... on level 6 of the Dungeon.
             The game lasted 00:06:43 (4544 turns).

ders the Digger (Gargoyle Earth Elementalist)       Turns: 4544, Time: 00:06:44

Health: -3/36      AC:  6    Str: 11    XL:     7   Next: 18%
Magic:  0/13       EV: 11    Int: 18    God:
Gold:   179        SH:  0    Dex: 10    Spells: 5/14 levels left

rFire   . . .      SeeInvis .   a - +0 dagger
rCold   . . .      Faith    .   (no shield)
rNeg    + . .      Spirit   .   b - +0 robe
rPois   ∞          Reflect  .   (no helmet)
rElec   +          Harm     .   (no cloak)
rCorr   .          Rampage  .   (no gloves)
Will    .....                   (no boots)
Stlth   ++........              (no amulet)
HPRegen 0.12/turn               (no ring)
MPRegen 0.13/turn               (no ring)

@: no status effects
A: sickness immunity, AC +4, negative energy resistance 1, electricity
resistance, torment resistance 1, petrification resistance
a: no special abilities


You were on level 6 of the Dungeon.
You visited 1 branch of the dungeon, and saw 6 of its levels.

You collected 179 gold pieces.

Inventory:

Hand Weapons
 a - a +0 dagger (weapon)
Missiles
 j - 5 javelins
 n - 18 stones
Armour
 b - a +0 robe (worn)
Jewellery
 o - a ring of protection from fire
Scrolls
 d - a scroll of fear {unknown}
 f - 4 scrolls of identify
 g - 2 scrolls of acquirement {unknown}
 h - 6 scrolls of teleportation
 k - a scroll of silence {unknown}
 l - a scroll of immolation {unknown}
 p - a scroll of amnesia {unknown}
 r - a scroll of noise {unknown}
Potions
 c - a potion of curing {unknown}
 e - a potion of brilliance {unknown}
 i - a potion of ambrosia {unknown}
 m - a potion of berserk rage {unknown}
 q - a potion of magic {unknown}
 s - a potion of heal wounds {unknown}
 t - a potion of resistance {unknown}


   Skills:
 - Level 1.5 Dodging
 - Level 2.1 Stealth
 + Level 4.2 Spellcasting
 + Level 4.4 Conjurations
 - Level 0.7 Transmutations
 + Level 6.2 Earth Magic


You had 5 spell levels left.
You knew the following spells:

 Your Spells              Type           Power      Damage    Failure   Level
a - Sandblast             Erth           52%        2d12      1%          1
b - Stone Arrow           Conj/Erth      46%        3d9       4%          3
c - Petrify               Tmut/Erth      16%        N/A       34%         4
d - Apportation           Tloc           6%         N/A       14%         1

Your spell library contained the following spells:

 Spells                   Type           Power      Damage    Failure   Level
 Passwall                 Tmut/Erth      13%        N/A       5%          2
 Ensorcelled Hibernation  Hex/Ice        6%         N/A       22%         2
 Spider Form              Tmut/Pois      5%         N/A       36%         3
 Alistair's Intoxication  Tmut/Pois      3%         N/A       98%         5


Dungeon Overview and Level Annotations

Branches:
Dungeon (7/15)
 Temple: D:4-7

Altars:
Ashenzari
Zin


Innate Abilities, Weirdness & Mutations

You are immune to sickness and miasma.
Your stone body is resilient. (AC +4)
You are immune to poison.
You resist negative energy. (rN+)
You are resistant to electric shocks. (rElec)
You are resistant to unholy torment.
You are immune to petrification.


Message History

You pick up a book of Dreams and begin reading...
You add the spells Ensorcelled Hibernation and Spider Form to your library.
The river rat bites you but does no damage.
Casting: Sandblast (safe; 1% risk of failure)
Confirm with . or Enter, or press ? or * to list all spells.
Aiming: Sandblast (safe; 1% risk of failure)
Press: ? - help, Shift-Dir - straight line, f/p - river rat
Aim: a river rat (moderately wounded, 78% to hit)
The blast of sand hits the river rat.
The river rat is almost dead.
The river rat barely misses you.
Unknown command.
The iguana bites you! The iguana bites you.
Casting: Sandblast (safe; 1% risk of failure)
Confirm with . or Enter, or press ? or * to list all spells.
Aiming: Sandblast (safe; 1% risk of failure)
Press: ? - help, Shift-Dir - straight line, f/p - river rat
Aim: a river rat (almost dead, 78% to hit)
The blast of sand hits the iguana but does no damage.
The iguana barely misses you.
Unknown command.
Casting: Sandblast (safe; 1% risk of failure)
Confirm with . or Enter, or press ? or * to list all spells.
Aiming: Sandblast (safe; 1% risk of failure)
Press: ? - help, Shift-Dir - straight line, f/p - river rat
Aim: a river rat (almost dead, 78% to hit)
The blast of sand hits the iguana.
The iguana is moderately wounded.
Unknown command.
The iguana bites you but does no damage.
The river rat bites you.
* * * LOW HITPOINT WARNING * * *
As you read the scroll labelled YTUTTUOGIA, it crumbles to dust.
It is a scroll of identify.
h - 6 scrolls of teleportation The river rat bites you.
* * * LOW HITPOINT WARNING * * *
The iguana bites you!
You die...

..#
#.♣§♣§§..♣♣.♣#.
#.#
#..P.P♣....P.P♣
#.#
##..§P...#..#..
#.#
##.♣..####♣# #♣
#.####.....#
#..........#
###.#.#.#.#..#
#.[..........#
#.#.#.#.#.#@.#
+.#.......rl.#
# #.#.#.#.#..#
#..........#
#.#.#.#.#.##
#[........#
###########


You could see an iguana and a river rat.

Vanquished Creatures
  A necrophage (D:6)
  A phantom (D:4)
  A water moccasin skeleton (D:4)
  A howler monkey (D:7)
  A jelly (D:4)
  A centaur skeleton (D:3)
  7 gnolls
  5 adders
  2 worms (D:2)
  2 dart slugs (D:3)
  5 orcs (D:3)
  9 bats
  8 endoplasms
  4 giant cockroaches
  5 goblins (D:1)
  5 hobgoblins
  2 jackals (D:1)
  3 quokkas
  13 ball pythons
  2 frilled lizards (D:2)
  4 kobolds
  5 rats
87 creatures vanquished.

Vanquished Creatures (others)
  12 plants (D:2)
12 creatures vanquished.

Grand Total: 99 creatures vanquished

Notes
Turn   | Place    | Note
-------+----------+-------------------------------------------
     0 | D:1      | ders the Gargoyle Earth Elementalist began the quest for
                  | the Orb.
     0 | D:1      | Reached XP level 1. HP: 10/10 MP: 3/3
   208 | D:1      | Reached XP level 2. HP: 15/15 MP: 3/5
   276 | D:1      | Reached skill level 1 in Conjurations
   422 | D:1      | Reached skill level 4 in Earth Magic
   650 | D:1      | Reached XP level 3. HP: 19/19 MP: 4/6
   654 | D:1      | Learned a level 3 spell: Stone Arrow
  1282 | D:2      | Reached XP level 4. HP: 23/24 MP: 1/8
  1450 | D:2      | Learned a level 4 spell: Petrify
  1589 | D:2      | Found a broken altar of Ashenzari.
  1890 | D:2      | Reached XP level 5. HP: 28/28 MP: 7/9
  2264 | D:2      | Found a faded altar of an unknown god.
  2813 | D:3      | Reached skill level 5 in Earth Magic
  3300 | D:3      | Found a glowing silver altar of Zin.
  3711 | D:3      | Reached XP level 6. HP: 32/32 MP: 7/11
  3811 | D:3      | Learned a level 1 spell: Apportation
  4217 | D:4      | You fall into a shaft and drop 3 floors!
  4343 | D:7      | Noticed an ice beast
  4482 | D:6      | Noticed a necrophage
  4493 | D:6      | Killed a necrophage
  4494 | D:6      | Reached skill level 6 in Earth Magic
  4494 | D:6      | Reached XP level 7. HP: 36/36 MP: 0/13
  4544 | D:6      | Slain by an iguana

Illustrated notes

Levels and vault maps discovered:
D:1:      roderic_octagonal_star, layout_basic, minmay_misc_feat_ornament
D:2:      layout_loops_ring, basic_altar, dilly_ecumenical_altar_fadedgnrine
D:3:      layout_loops_ring, mainiacjoe_overflow_concentric_impassable,
          corexii_item_surrounded_by_moat, hangedman_decor_diamond_cutter
D:4:      layout_cave_pools, serial_shops,
          nicolae_shop_competitors_out_of_business
D:6:      wad_woods_tower, layout_basic, temple_green, serial_glass,
          glass_columns_c, glass_columns_c, glass_columns_a, glass_columns_b,
          glass_columns_b, glass_columns_c, uniq_sigmund
D:7:      layout_cave_pods, kennysheep_little_box, tso_altar

Skill      XL: |  1  2  3  4  5  6 |
---------------+-------------------+-----
Conjurations   | 1 2 3 4 |  4.4
Earth Magic    | 4 5 6 |  6.2
Spellcasting   | 3 4 |  4.2
Dodging        | |  1.5
Stealth        | |  2.1
Transmutations | |  0.7

Action                   |  1- 3 |  4- 6 |  7- 9 || total
-------------------------+-------+-------+-------++-------
Melee: Dagger            |     1 |    46 |     7 ||    54
 Cast: Sandblast         |    47 |    38 |     6 ||    91
       Stone Arrow       |       |    39 |       ||    39
       Petrify           |       |     1 |       ||     1
       Apportation       |       |     1 |       ||     1
  Use: Scroll            |       |       |     1 ||     1
Armor: Robe              |     5 |    29 |     4 ||    38
Dodge: Dodged            |    10 |    38 |    10 ||    58

Table legend: (Time is in decaauts)
 A = Elapsed time spent in this place.
 B = Non-inter-level travel time spent in this place.
 C = Inter-level travel time spent in this place.
 D = Time resting spent in this place.
 E = Time spent auto-exploring this place.
 F = Levels seen in this place.
 G = Mean time per level.
                   A        B        C        D        E       F      G
               +--------+--------+--------+--------+--------+-----+--------+
         Total |   4543 |   4196 |    347 |   1608 |   1997 |   6 |  757.2 |
       Dungeon |   4543 |   4196 |    347 |   1608 |   1997 |   6 |  757.2 |
               +--------+--------+--------+--------+--------+-----+--------+

Top non-repeatable levels by time:
     D:2: 1480 daAuts
     D:3: 1275 daAuts
     D:1: 1097 daAuts
     D:4: 363 daAuts
     D:7: 257 daAuts
     D:6: 68 daAuts
